 Dungeon Crawl Stone Soup version 0.31-a0-7-g51783674b7 (webtiles) character file.

Game seed: 7419316999151358631

1584376 PostNTower the Sensei (level 25, 351/351 HPs)
             Began as a Grey Draconian Transmuter on May 5, 2023.
             Was an Initiate of Gozag.
             Escaped with the Orb
             ... and 3 runes!
             The game lasted 02:35:33 (74279 turns).

PostNTower the Sensei (Grey Draconian Transmuter)  Turns: 74279, Time: 02:35:34

Health: 351/351    AC: 27    Str: 24    XL:     25   Next: 52%
Magic:  45/51      EV: 27    Int: 12    God:    Gozag
Gold:   1945       SH:  0    Dex: 26    Spells: 17/55 levels left

rFire   + .          .
                       - Unarmed
rCold   . . .        (shield currently unavailable)
rNeg    + . .        (body armour unavailable)
rPois   +            H - melded +2 hat {Int+3}
rElec   +            m - melded +2 cloak
rCorr   .            r - melded +2 pair of gloves {Str+3}
SInv    .            i - melded +2 pair of boots
Will    ++++.        K - amulet of the Four Winds {rN+ Will+++ Clar}
Stlth   ++           A - ring of Ginef {MP+9 Dex+7}
HPRegen 0.78/turn    c - ring "Wewempi" {rElec rF+ EV+5 Int-3 Dex+4}
MPRegen 0.32/turn

%: clarity
@: dragon-form, gold aura, flying, studying Summonings, bribing [the Dungeon,
the Realm of Zot, the Depths]
A: dragon claw, dragon scales, flying, boosted hp, AC +17, amphibious, giant,
unfitting armour, (cold-blooded), clumsy 1, dopey 1, mutation resistance 1, weak
1, no potion heal 1, inability to read after injury 1, MP-powered wands
0: Orb of Zot
}: 3/15 runes: barnacled, silver, gossamer
a: End Transformation, Renounce Religion, Potion Petition, Call Merchant, Bribe
Branch


You escaped.
You worshipped Gozag.
Gozag was most pleased with you.
You were a fearsome iron dragon!
You visited 10 branches of the dungeon, and saw 48 of its levels.
You also visited: Sewer, Bailey, Ice Cave and Wizlab.

You collected 29891 gold pieces.
You spent 2744 gold pieces at shops.
You paid 25202 gold pieces to Gozag.

Inventory:

Missiles
 t - a throwing net
Armour
 i - a +2 pair of boots (melded)
 m - a +2 cloak (melded)
 r - a +2 pair of gloves of strength (melded)
 H - a +2 hat of intelligence (melded)
Jewellery
 c - the ring "Wewempi" (right foreclaw) {rElec rF+ EV+5 Int-3 Dex+4}
   (You found it on level 3 of the Elven Halls)

   [ring of evasion]

   EV:        It affects your evasion (+5).
   Int:       It affects your intelligence (-3).
   Dex:       It affects your dexterity (+4).
   rF:        It protects you from fire.
   rElec:     It insulates you from electricity.
 s - the amulet of Amuho {Acrobat +Blink Str+2 Int-4 Dex+6}
   (You took it off a merfolk aquamancer on level 4 of the Shoals)

   [amulet of the acrobat]

   It increases your evasion while moving and waiting.
   Str:       It affects your strength (+2).
   Int:       It affects your intelligence (-4).
   Dex:       It affects your dexterity (+6).
   +Blink:    It lets you blink.
 A - the ring of Ginef (left foreclaw) {MP+9 Dex+7}
   (You bought it in a shop on level 10 of the Dungeon)

   [ring of magical power]

   Dex:       It affects your dexterity (+7).
   MP:        It affects your magic capacity (+9).
 B - a ring of poison resistance
 K - the amulet of the Four Winds (around neck) {rN+ Will+++ Clar}
   (You found it on level 1 of the Depths)

   [amulet of nothing]

   rN:        It protects you from negative energy.
   Clar:      It protects you from confusion, rage, mesmerisation and fear.
   Will:      It greatly increases your willpower.
 Y - a ring of resist corrosion
Wands
 p - a wand of light (17)
 w - a wand of flame (73)
 z - a wand of paralysis (28)
 I - a wand of digging (27)
 N - a wand of roots (41)
 V - a wand of polymorph (17)
Scrolls
 a - 25 scrolls of identify
 b - 13 scrolls of poison
 d - 11 scrolls of teleportation
 j - 2 scrolls of blinking
 k - 4 scrolls of magic mapping
 l - 5 scrolls of enchant armour
 o - 14 scrolls of fear
 u - 8 scrolls of enchant weapon
 v - 8 scrolls of amnesia
 y - 4 scrolls of brand weapon
 D - 9 scrolls of immolation
 E - 6 scrolls of silence
 P - 5 scrolls of fog
 U - 3 scrolls of noise
Potions
 e - 8 potions of might
 g - 9 potions of flight
 h - 23 potions of curing
 n - 8 potions of attraction
 q - 5 potions of invisibility
 x - 7 potions of cancellation
 C - 8 potions of lignification
 J - 5 potions of ambrosia
 M - 4 potions of magic
 O - 7 potions of heal wounds
 Q - 5 potions of resistance
 R - 5 potions of brilliance
 W - 8 potions of haste
 X - a potion of berserk rage


   Skills:
 * Level 20.9 Fighting
 - Level 0.2 Staves
 * Level 17.2 Dodging
 + Level 8.9 Stealth
 - Level 3.0 Shields
 + Level 26.5 Unarmed Combat
 + Level 15.5 Spellcasting
 + Level 0.4 Hexes
 + Level 21.1 Transmutations
 - Level 5.0 Ice Magic
 + Level 14.5 Earth Magic


You had 17 spell levels left.
You knew the following spells:

 Your Spells              Type           Power      Damage    Failure   Level
a - Beastly Appendage     Tmut           100%       N/A       0%          1
b - Wereblood             Tmut           56%        N/A       0%          2
c - Passwall              Tmut/Erth      42%        N/A       0%          2
d - Petrify               Tmut/Erth      51%        N/A       1%          4
e - Statue Form           Tmut/Erth      34%        N/A       1%          6
f - Dragon Form           Tmut           28%        N/A       1%          7
g - Leda's Liquefaction   Hex/Erth       13%        N/A       3%          4
h - Shatter               Erth           22%        3d19*     100%        9
i - Ozocubu's Armour      Ice            21%        N/A       2%          3

Your spell library contained the following spells:

 Spells                   Type           Power      Damage    Failure   Level
 Freeze                   Ice            84%        1d9       1%          1
 Sandblast                Erth           88%        2d18      1%          1
 Sting                    Tmut/Pois      100%       1d8       1%          1
 Ignite Poison            Fire/Tmut/Pois 26%        N/A       1%          3
 Spider Form              Tmut/Pois      34%        N/A       1%          3
 Stone Arrow              Conj/Erth      52%        3d10      1%          3
 Ice Form                 Ice/Tmut       40%        N/A       1%          4
 Blade Hands              Tmut           28%        N/A       1%          5
 Frozen Ramparts          Ice            42%        1d7       2%          3
 Alistair's Intoxication  Tmut/Pois      22%        N/A       2%          5
 Irradiate                Conj/Tmut      17%        3d17      2%          5
 Yara's Violent Unravell  Hex/Tmut       17%        3d8       2%          5
 Ensorcelled Hibernation  Hex/Ice        30%        N/A       3%          2
 Slow                     Hex            40%        N/A       5%          1
 Apportation              Tloc           18%        N/A       7%          1
 Foxfire                  Conj/Fire      36%        2x1d5     7%          1
 Magic Dart               Conj           36%        1d4       7%          1
 Summon Small Mammal      Summ           36%        N/A       7%          1
 Hailstorm                Conj/Ice       15%        3d5       8%          3
 Borgnjor's Vile Clutch   Necr/Erth      13%        N/A       10%         5
 Cigotuvi's Dreadful Rot  Necr/Pois/Air  18%        N/A       11%         2
 Lesser Beckoning         Tloc           18%        N/A       11%         2
 Poisonous Vapours        Pois/Air       18%        N/A       11%         2
 Searing Ray              Conj           18%        2d5       11%         2
 Sublimation of Blood     Necr           9%         N/A       11%         2
 Eringya's Noxious Bog    Tmut/Pois      17%        N/A       14%         6
 Confusing Touch          Hex            10%        N/A       17%         3
 Tukima's Dance           Hex            10%        N/A       17%         3
 Dazzling Flash           Conj/Hex       18%        N/A       19%         3
 Inner Flame              Hex/Fire       9%         N/A       19%         3
 Portal Projectile        Hex/Tloc       18%        N/A       19%         3
 Summon Guardian Golem    Hex/Summ       9%         N/A       19%         3
 Call Canine Familiar     Summ           9%         N/A       21%         3
 Gell's Gravitas          Tloc           9%         N/A       21%         3
 Mephitic Cloud           Conj/Pois/Air  9%         N/A       21%         3
 Teleport Other           Tloc           9%         N/A       21%         3
 Vampiric Draining        Necr           9%         2d6       21%         3
 Vhi's Electric Charge    Tloc/Air       18%        N/A       21%         3
 Summon Ice Beast         Ice/Summ       15%        N/A       24%         4
 Iron Shot                Conj/Erth      13%        9d3       45%         6
 Cause Fear               Hex            5%         N/A       50%         4
 Anguish                  Hex/Necr       4%         N/A       52%         4
 Fulminant Prism          Conj/Hex       4%         3d5       52%         4
 Metabolic Englaciation   Hex/Ice        7%         N/A       52%         5
 Dispel Undead            Necr           9%         3d8       56%         4
 Flame Wave               Conj/Fire      9%         2d6       56%         4
 Manifold Assault         Tloc           9%         N/A       56%         4
 Olgreb's Toxic Radiance  Pois           9%         N/A       56%         4
 Passage of Golubria      Tloc           9%         N/A       56%         4
 Sticky Flame             Conj/Fire      9%         2d3       56%         4
 Summon Lightning Spire   Summ/Air       9%         N/A       56%         4
 Storm Form               Tmut/Air       17%        N/A       58%         7
 Freezing Cloud           Conj/Ice/Air   6%         6-21      67%         5
 Silence                  Hex/Air        4%         N/A       86%         5
 Agony                    Necr           9%         N/A       88%         5
 Arcjolt                  Conj/Air       4%         1d14      88%         5
 Fireball                 Conj/Fire      4%         3d4       88%         5
 Summon Forest            Summ/Tloc      4%         N/A       88%         5
 Conjure Ball Lightning   Conj/Air       4%         3x3d6     100%        6
 Death Channel            Necr           4%         N/A       100%        6
 Dispersal                Tloc           4%         N/A       100%        6
 Plasma Beam              Fire/Air       4%         2x1d16    100%        6
 Starburst                Conj/Fire      4%         6d4       100%        6
 Enfeeble                 Hex            5%         N/A       100%        7
 Orb of Destruction       Conj           4%         9d5       100%        7
 Ozocubu's Refrigeration  Ice            10%        4d9       100%        7
 Spellforged Servitor     Conj/Summ      4%         N/A       100%        7
 Summon Hydra             Summ           4%         N/A       100%        7
 Discord                  Hex            5%         N/A       100%        8
 Disjunction              Tloc           4%         N/A       100%        8
 Maxwell's Capacitive Co  Air            4%         ∞         100%        8
 Chain Lightning          Conj/Air       4%         3d6       100%        9
 Fire Storm               Conj/Fire      4%         8d1       100%        9
 Animate Armour           Summ/Erth      Unusable   N/A       N/A         4
 Animate Dead             Necr           Unusable   N/A       N/A         4
 Simulacrum               Ice/Necr       Unusable   N/A       N/A         6

Dungeon Overview and Level Annotations

Branches:
Dungeon (15/15)            Temple (1/1) D:4            Lair (5/5) D:10
 Shoals (4/4) Lair:2       Spider (4/4) Lair:3        Slime (0/5) Lair:4
    Orc (2/2) D:9             Elf (3/3) Orc:2        Vaults (5/5) D:13
  Crypt (0/3) Vaults:2     Depths (4/4) D:15            Zot (5/5) Depths:4
  Sewer (visited)          Bailey (visited)           IceCv (visited)
 WizLab (visited)

Altars:
Ashenzari
Cheibriados
Dithmenos
Elyvilon
Fedhas
Gozag
Hepliaklqana
Kikubaaqudgha
Makhleb
Nemelex Xobeh
Okawaru
Qazlal
Ru
Sif Muna
Trog
Uskayaw
Vehumet
Wu Jian
Xom
Yredelemnul
Zin
The Shining One
Jiyva

Shops:
D:1 [*   D:10 =   Orc:1 [*[?   Orc:2 **[*:[*(   Lair:1 *   Lair:2 *   Lair:5 :
Shoals:3 :   Shoals:4 =   Vaults:1 [   Vaults:2 (   Vaults:3 (   Vaults:5 [
Depths:1 [   Depths:3 ![(   Depths:4 ((

Portals:
Hell: Depths:1 Depths:2 Depths:3 Depths:4
Abyss: Depths:3 Depths:4
Pandemonium: Depths:2 Depths:3 Depths:4
Ziggurat: Depths:3


Innate Abilities, Weirdness & Mutations

You are a fearsome iron dragon!
You have a powerful clawing attack.
Your giant scaled body is strong and resiliant, but less evasive.
You are flying.
Your maximum health is greatly increased.
Your armour is entirely melded.
You are incapable of wielding weapons or throwing items.
Your dull iron-grey scales are very hard. (AC +17)
You are amphibious.
You cannot fit into any form of body armour.
((You are cold-blooded and may be slowed by cold attacks.))
You are clumsy. (Dex -2)
You are dopey. (Int -2)
You are somewhat resistant to further mutation.
You are weak. (Str -2)
Potions are less effective at restoring your health.
You occasionally lose the ability to read scrolls when taking damage.
You expend magic power (3 MP) to strengthen your wands.


Message History

You cannot cast spells when silenced!
You pulverise the angel!!!
You kill the angel!
No target in view!
No target in view!
Unknown command.
No target in view!
No target in view!
You start resting.
Ydwit becomes audible again.
Your Brimstone Fiend disappears in a puff of smoke!
A ynoxinul comes into view.
You swap places.
Your blizzard demon disappears in a puff of smoke!
Your bat hits the ynoxinul but does no damage.
The ynoxinul barely misses Ydwit.
You see here 6 gold pieces.
Your bat closely misses the ynoxinul.
Ydwit tentacle-slaps the ynoxinul.
The ynoxinul completely misses Ydwit.
Ydwit tentacle-slaps the ynoxinul!!
The ynoxinul dies!
You now have 3608 gold pieces (gained 12).
Casting: Dragon Form (mildly dangerous; 1% risk of failure)
Confirm with . or Enter, or press ? or * to list all spells.
You don't know that spell. [a] 1663 gold - Igerat's Armour Shoppe [b] 2037 gold - Towuisekh's Antique Weapon Boutique [c] 1584 gold - Qythrinu's Book Boutique Fund which merchant?
You no longer have enough gold to fund merchants seeking to open stores in the dungeon.
You no longer have enough gold to bribe branches to halt enemies' attacks and recruit allies.
Igerat invites you to visit their Armour Shoppe.
You turn into a fearsome iron dragon!
Your +2 cloak melds into your body.
Your +2 hat of intelligence melds into your body.
Your +2 pair of gloves of strength melds into your body.
Your +2 pair of boots melds into your body.
You feel stupid.
You feel weaker.
There is a staircase leading out of the dungeon here.
You feel a bit more experienced.
You have escaped!

######............ #########
#........##..#..|. #.......#
#'#....#.##......# #.##.##.#
##.#.......##.##### #.##..#.##
##..###........# #.###.#..#
##...# #..#..#.(# #
#.###.#.####.$..###........# #
#(......###...∩..#####).#.## #
#####.####....bD.....'..#.# #
####.#####...&..######(#.######
#.....$.###.r4.###.###2...#....
#††#.##.##.2...#...............
#..#.##.#3.##..####.##..#.#....
#..#..#...####.# #.##.#..#####
#..##.#.$.....+# #....##.# #
#..#.......###.# #..####.# #
#.....$..#.###.####..####.# #


You could see the friendly Ydwit, a friendly shadow demon, a friendly orange
demon, a friendly smoke demon, a friendly bat (summoned) and a friendly rat
(summoned).

Vanquished Creatures
  The ghost of Mabiet the Ruinous, a legendary TeRe of Vehumet (Zot:1)
  An ancient lich (Vaults:5)
  8 orbs of fire
  A Killer Klown (Zot:5)
  A curse toe (Zot:4)
  The ghost of Fubrub the Fetichist, a veteran GnWr of Ashenzari (Vaults:4)
  the Enchantress (Depths:3)
  8 golden dragons
  The ghost of Yseim the Conqueror, an adept MiBe of Trog (Depths:4)
  Nikola (Spider:2)
  Hellbinder (WizLab)
  A profane servitor (D:15)
  A hellephant (D:6)
  10 tentacled monstrosities
  A lich (Vaults:3)
  A Hell Sentinel (Zot:1)
  12 Orb Guardians (Zot:5)
  Mlioglotl (Shoals:3)
  2 titans (Vaults:5)
  A quicksilver dragon (Zot:2)
  3 deep elf blademasters
  6 death cobs
  2 deep elf master archers (Elf:3)
  Kirke (Spider:3)
  9 shadow dragons
  Gastronok (Lair:2)
  5 sphinxes
  8 tengu reavers
  7 draconian monks
  A daeva (D:14)
  7 storm dragons
  5 draconian knights
  9 fire giants
  Ilsuiw (Shoals:2)
  An iron dragon (Vaults:5)
  3 deep elf sorcerers
  5 draconian scorchers
  8 ghost moths
  6 draconian shifters
  Aizul (Elf:2)
  3 deep elf elementalists (Elf:3)
  6 frost giants
  An angel (D:1)
  19 vault wardens
  A balrug (Depths:3)
  4 emperor scorpions
  5 draconian stormcallers
  40 very ugly things
  3 spriggan defenders (Depths:3)
  8 stone giants
  6 draconian annihilators
  2 cacodemons
  3 reapers
  A demonspawn blood saint (WizLab)
  3 war gargoyles
  17 ironbound preservers
  A vampire knight (Depths:4)
  5 ironbound thunderhulks
  2 broodmothers
  10 black draconians
  4 deep elf demonologists (Elf:3)
  5 dire elephants
  12 purple draconians
  6 white draconians
  A lorocyproca (WizLab)
  7 deep elf annihilators
  6 spark wasps
  12 red draconians
  9 green draconians
  16 yellow draconians
  A minotaur (shapeshifter) (Depths:4)
  3 green deaths (WizLab)
  3 merfolk javelineers
  A blizzard demon (WizLab)
  5 deep elf death magi (Elf:3)
  8 ettins
  The ghost of Wirisus the Skirmisher, a journeyman GnHu of Fedhas (Lair:3)
  7 merfolk impalers (Shoals:4)
  9 fire dragons
  A quicksilver dragon zombie (Vaults:3)
  4 deep elf high priests
  13 yaktaur captains
  10 great orbs of eyes
  6 hell beasts
  5 rakshasas
  The ghost of Geupied the Destroyer, a journeyman DECj of Sif Muna (Lair:2)
  6 entropy weavers
  Erolcha (D:9)
  7 ice dragons
  24 vault guards
  3 catoblepae
  3 jorogumos (Spider:4)
  A spriggan air mage (Depths:3)
  8 radroaches
  5 hydras
  6 ogre magi
  6 ironbound frosthearts
  An alligator snapping turtle (Shoals:4)
  3 centaur warriors
  32 dancing weapons
  A two-headed ogre (shapeshifter) (Depths:3)
  6 merfolk aquamancers
  An alligator (shapeshifter) (Elf:2)
  4 boulder beetles
  5 deep troll shamans
  2 tengu warriors (Depths:2)
  7 two-headed ogres
  5 death yaks
  A vampire mage (D:15)
  A titan zombie (D:15)
  14 deep troll earth magi
  7 death scarabs (Spider:4)
  A spectral emperor scorpion (Spider:4)
  A soul eater (WizLab)
  3 sun demons
  6 orc high priests (Orc:2)
  19 deep elf knights
  2 hell knights
  A spriggan berserker (Depths:1)
  5 skysharks
  10 iron trolls
  A storm dragon skeleton (D:15)
  4 pharaoh ants
  55 deep trolls
  6 skeletal warriors
  3 sixfirhies
  2 sun moths
  A flayed ghost (Depths:3)
  4 large abominations
  10 orb spiders
  8 sea snakes
  A glowing orange brain (Vaults:1)
  2 shadow demons
  A tengu zombie (Vaults:3)
  Pikel (D:9)
  8 deep elf archers
  2 spectral wolf spiders (Spider:4)
  14 lindwurms
  7 steelbarb worms
  20 ironbound convokers
  12 wizards
  A tengu skeleton (Depths:3)
  4 harpies
  5 phantasmal warriors
  9 orc knights
  A mana viper (shapeshifter) (Vaults:5)
  34 deep elf pyromancers
  A sphinx zombie (Depths:3)
  A shining eye (Depths:3)
  30 deep elf zephyrmancers
  2 orc sorcerers
  A wolf spider zombie (Spider:4)
  A broodmother zombie (Spider:4)
  5 necromancers
  18 manticores
  12 wolf spiders
  A frost giant zombie (Depths:3)
  55 ugly things
  6 fauns
  5 cyclopes
  2 fire giant zombies (Depths:1)
  18 elephants
  26 moths of wrath
  A human skeleton (Vaults:3)
  6 merfolk sirens
  3 smoke demons (WizLab)
  7 demonic crawlers
  A frost giant skeleton (D:15)
  6 rust devils
  10 cane toads
  2 stone giant skeletons
  2 ice statues (IceCv)
  19 vault sentinels
  6 orange demons
  A gargoyle (D:11)
  4 black mambas
  A yaktaur zombie (Vaults:3)
  Maggie (D:8)
  12 water nymphs
  3 torpor snails
  An unseen horror (Depths:4)
  A storm dragon simulacrum (Depths:3)
  A rime drake (shapeshifter) (Spider:4)
  2 spectral redbacks (Spider:4)
  2 redback zombies (Spider:4)
  2 efreet
  2 rime drakes
  4 kobold demonologists
  16 komodo dragons
  5 freezing wraiths
  44 yaktaurs
  A tormentor (D:2)
  A tengu conjurer (Depths:1)
  2 ice devils
  21 merfolk
  7 red devils
  8 wind drakes (Shoals:4)
  A guardian mummy (D:15)
  3 hellwings
  6 trolls
  A polar bear (shapeshifter) (D:13)
  4 polar bears
  A merfolk (shapeshifter) (Depths:1)
  5 spectral jumping spiders (Spider:4)
  6 meliai
  23 tarantellas
  Grinder (D:5)
  6 spectral tarantellas (Spider:4)
  4 hornets
  A spectral dream sheep (Lair:2)
  Prince Ribbit (Bailey)
  A dream sheep (shapeshifter) (D:15)
  A tarantella zombie (Spider:4)
  8 snapping turtles
  A culicivora zombie (Spider:4)
  21 blink frogs
  32 slime creatures
  A fire giant simulacrum (Depths:3)
  A spectral black mamba (Lair:2)
  15 dream sheep
  Sigmund (D:2)
  22 jumping spiders
  19 culicivoras
  4 spriggans (Depths:3)
  10 air elementals
  7 humans (Bailey)
  59 yaks
  3 shadows
  2 fire bats (Depths:1)
  3 wyverns
  27 water elementals
  4 wraiths
  3 ynoxinuls (WizLab)
  2 basilisks
  6 chaos spawn
  5 vampire mosquitoes
  A neqoxec (Depths:3)
  3 hogs (Spider:3)
  8 small abominations (Depths:4)
  31 redbacks
  A fire elemental (Elf:1)
  A death yak simulacrum (Lair:2)
  A warg (Orc:2)
  A spectral cane toad (Lair:2)
  An acid dragon (D:10)
  A glowing shapeshifter skeleton (D:15)
  2 floating eyes (Depths:3)
  15 water moccasins
  58 orc warriors
  A sky beast (D:7)
  6 black bears
  3 elephant zombies (Lair:3)
  A swamp drake (Lair:4)
  10 boggarts
  18 ogres
  21 wolves
  A phantom (D:4)
  4 centaurs (D:14)
  A komodo dragon zombie (Lair:3)
  5 kobold brigands
  15 bullfrogs
  4 scorpions
  2 gnoll sergeants
  7 earth elementals
  An elephant simulacrum (IceCv)
  7 killer bees (D:9)
  6 howler monkeys
  11 electric eels
  2 hounds
  7 jellies
  Crazy Yiuf (D:2)
  36 orc priests
  A basilisk zombie (Lair:3)
  15 iguanas
  A sleepcap (D:5)
  Jessica (D:12)
  20 orc wizards
  A polar bear simulacrum (IceCv)
  4 wolf simulacra (IceCv)
  Robin (D:2)
  17 gnolls
  13 adders
  A shadow imp (D:6)
  A white imp (D:5)
  2 worms
  A dart slug (D:3)
  91 orcs
  17 ball pythons
  5 bats
  33 endoplasms
  12 giant cockroaches
  20 goblins
  9 hobgoblins
  25 kobolds
  11 quokkas
  26 frilled lizards
  13 rats
  A withered plant (D:15)
2210 creatures vanquished.

Vanquished Creatures (collateral kills)
  A dread lich (Vaults:5)
  A Killer Klown (Zot:5)
  A Tzitzimitl (Zot:1)
  An electric golem (Zot:5)
  13 Orb Guardians
  A titan (Vaults:5)
  A storm dragon (Vaults:5)
  2 demonspawn warmongers (Zot:5)
  2 tengu reavers (Vaults:5)
  A ghost moth (Zot:5)
  A vault warden (Vaults:5)
  A draconian shifter (Zot:5)
  A reaper (Zot:1)
  A demonspawn corrupter (Zot:1)
  A green draconian (Zot:5)
  A deep elf demonologist (Vaults:5)
  4 very ugly things
  A deep elf annihilator (Vaults:5)
  A black draconian (Zot:5)
  2 red draconians (Zot:5)
  A yellow draconian (Zot:5)
  2 white draconians (Zot:5)
  3 deep elf high priests (Vaults:5)
  2 yaktaur captains (Vaults:5)
  6 vault guards (Vaults:5)
  A spriggan air mage (Depths:4)
  2 soul eaters
  3 sixfirhies
  A deep elf archer (Vaults:5)
  An ironbound convoker (Vaults:5)
  An orc knight (Vaults:5)
  A deep elf zephyrmancer (Vaults:5)
  A phantasmal warrior (Vaults:5)
  A necromancer (Vaults:5)
  A rust devil (Zot:1)
  A vault sentinel (Vaults:5)
  A toenail golem (D:2)
  An orange demon (Zot:1)
  An efreet (D:2)
  2 ice devils (Zot:1)
  A troll (Vaults:5)
  3 large abominations (Zot:1)
  A jumping spider (shapeshifter) (Vaults:5)
  A ynoxinul (D:1)
  A neqoxec (Zot:5)
  3 chaos spawn
  An orc priest (Vaults:5)
82 creatures vanquished.

Vanquished Creatures (others)
  2 dread liches
  2 tentacled monstrosities (Vaults:5)
  A lich (Zot:2)
  3 Orb Guardians (Zot:5)
  2 tengu reavers (Vaults:5)
  An ironbound preserver (Vaults:5)
  A yaktaur captain (Vaults:5)
  7 vault guards (Vaults:5)
  A deep elf knight (Elf:2)
  A sun demon (Zot:1)
  2 vault sentinels (Vaults:5)
  A smoke demon (D:1)
  A hellwing (D:1)
  A jumping spider (Spider:1)
  A vampire (D:9)
  2 orc warriors (Vaults:5)
  An orc wizard (D:6)
  3 orcs
  39 fungi
  74 plants
  3 withered plants (D:15)
149 creatures vanquished.

Grand Total: 2441 creatures vanquished

Notes
Turn   | Place    | Note
-------+----------+-------------------------------------------
     0 | D:1      | PostNTower the Draconian Transmuter began the quest for the
                  | Orb.
     0 | D:1      | Reached XP level 1. HP: 16/16 MP: 3/3
    69 | D:1      | Reached XP level 2. HP: 23/23 MP: 3/5
    83 | D:1      | Learned a level 2 spell: Wereblood
   490 | D:1      | Found a faded altar of an unknown god.
   574 | D:1      | Reached XP level 3. HP: 28/28 MP: 6/6
   700 | D:2      | Reached skill level 4 in Unarmed Combat
  1122 | D:2      | Reached XP level 4. HP: 32/35 MP: 7/7
  1324 | D:2      | Noticed Sigmund
  1336 | D:2      | Killed Sigmund
  1337 | D:2      | Reached skill level 5 in Unarmed Combat
  1337 | D:2      | Reached XP level 5. HP: 41/41 MP: 8/8
  1549 | D:2      | Found a runed translucent door.
  1550 | D:2      | Noticed Crazy Yiuf
  1706 | D:2      | Noticed Robin
  1709 | D:2      | Reached XP level 6. HP: 48/48 MP: 9/9
  1736 | D:2      | Killed Robin
  2022 | D:2      | Killed Crazy Yiuf
  2023 | D:2      | Reached skill level 1 in Stealth
  2941 | D:4      | Reached skill level 6 in Unarmed Combat
  3322 | D:4      | Your scales start taking on a dull iron-grey colour.
  3322 | D:4      | Reached XP level 7. HP: 34/56 MP: 7/10
  3501 | D:4      | Found an ancient bone altar of Kikubaaqudgha.
  3513 | D:4      | Found an ornate altar of the Wu Jian Council.
  3544 | D:4      | Found a staircase to the Ecumenical Temple.
  3650 | Temple   | Entered the Ecumenical Temple
  3750 | Temple   | Became a worshipper of Gozag Ym Sagoz the Greedy
  3772 | D:4      | Learned a level 2 spell: Passwall
  3786 | D:5      | Entered Level 5 of the Dungeon
  3883 | D:5      | Noticed a yak
  3883 | D:5      | Noticed a yak
  3883 | D:5      | Noticed a yak
  3884 | D:5      | Noticed a yak
  3884 | D:5      | Noticed a yak
  3885 | D:5      | Noticed a yak
  3895 | D:5      | Killed a yak
  3896 | D:5      | Reached skill level 1 in Earth Magic
  3904 | D:5      | Killed a yak
  3909 | D:5      | Killed a yak
  3910 | D:5      | Reached skill level 7 in Unarmed Combat
  3910 | D:5      | Reached XP level 8. HP: 48/63 MP: 9/12
  3946 | D:5      | Reached skill level 8 in Unarmed Combat
  4383 | D:5      | Found a shadowy altar of Dithmenos.
  4512 | D:5      | Noticed Grinder
  4522 | D:5      | Killed Grinder
  4523 | D:5      | Reached skill level 5 in Transmutations
  4596 | D:5      | Reached XP level 9. HP: 65/71 MP: 13/13
  5496 | D:6      | Found a glowing drain.
  5513 | Sewer    | Entered a sewer
  5869 | Sewer    | Reached skill level 9 in Unarmed Combat
  6228 | D:6      | Identified a scroll of acquirement
  6248 | D:6      | Acquired 532 gold pieces
  6417 | D:6      | Found a hide-covered altar of Uskayaw.
  6753 | D:7      | Noticed a kobold demonologist
  6759 | D:7      | Noticed a hellwing
  6768 | D:7      | Noticed a rust devil
  6773 | D:7      | Killed a kobold demonologist
  7022 | D:7      | Reached skill level 5 in Fighting
  7131 | D:7      | Noticed a troll
  7149 | D:7      | Killed a troll
  7150 | D:7      | Reached skill level 10 in Unarmed Combat
  7331 | D:7      | Reached XP level 10. HP: 76/81 MP: 15/15
  7684 | D:8      | Noticed Maggie
  7697 | D:8      | Killed Maggie
  7998 | D:8      | Found a blossoming altar of Fedhas.
  8051 | D:8      | Identified the +7 long sword of Juss {drain, rN+ Dex+2}
  8412 | D:9      | Reached skill level 1 in Shields
  8412 | D:9      | Reached skill level 5 in Earth Magic
  8422 | D:9      | Noticed Erolcha
  8521 | D:9      | Noticed Pikel
  8533 | D:9      | Killed Pikel
  8534 | D:9      | Reached skill level 5 in Dodging
  8534 | D:9      | Reached skill level 11 in Unarmed Combat
  8575 | D:9      | Found a flagged portal.
  8590 | Bailey   | Entered a bailey
  8912 | Bailey   | Noticed Prince Ribbit
  8927 | Bailey   | Killed Prince Ribbit
  8937 | Bailey   | Noticed a vault guard
  9222 | Bailey   | Gained mutation: Your flesh is heat resistant. (rF+)
                  | [potion of mutation]
  9222 | Bailey   | Gained mutation: Your flesh is cold resistant. (rC+)
                  | [potion of mutation]
  9604 | D:9      | Found a staircase to the Orcish Mines.
  9670 | D:9      | Reached XP level 11. HP: 27/89 MP: 17/17
 10051 | D:9      | Killed Erolcha
 10226 | D:9      | Reached skill level 12 in Unarmed Combat
 10475 | D:9      | Noticed a death yak
 10525 | D:9      | Killed a death yak
 10743 | D:10     | Entered Level 10 of the Dungeon
 10933 | D:10     | Found a hazy altar of Hepliaklqana.
 10944 | D:10     | Noticed a two-headed ogre
 10953 | D:10     | Killed a two-headed ogre
 10971 | D:10     | Reached skill level 13 in Unarmed Combat
 11225 | D:10     | Noticed a boulder beetle
 11262 | D:10     | Killed a boulder beetle
 11458 | D:10     | Found a staircase to the Lair.
 11822 | D:10     | Bought the ring of Ginef {MP+9 Dex+7} for 667 gold pieces
 12065 | D:11     | Reached XP level 12. HP: 93/100 MP: 19/19
 12747 | Lair:1   | Entered Level 1 of the Lair of Beasts
 12762 | Lair:1   | Reached skill level 14 in Unarmed Combat
 12950 | Lair:1   | Identified the +6 sling of Doubt {elec, rElec}
 13341 | Lair:1   | Reached skill level 5 in Spellcasting
 13717 | Lair:1   | Reached skill level 15 in Unarmed Combat
 14271 | Lair:1   | Bought a scroll of blinking for 90 gold pieces
 14271 | Lair:1   | Bought a +0 pair of gloves of strength for 138 gold pieces
 14357 | Lair:2   | Found a staircase to the Shoals.
 14962 | Lair:2   | Found a runed translucent gate.
 14962 | Lair:2   | Found a runed translucent gate.
 14962 | Lair:2   | Found a runed translucent gate.
 15046 | Lair:2   | Noticed Gastronok
 15056 | Lair:2   | Killed Gastronok
 15084 | Lair:2   | Noticed Geupied's ghost (journeyman DECj)
 15251 | Lair:2   | Reached XP level 13. HP: 102/107 MP: 20/20
 15791 | Lair:2   | Killed Geupied's ghost
 15966 | Lair:3   | Noticed Wirisus's ghost (journeyman GnHu)
 15966 | Lair:3   | Found a runed translucent gate.
 15966 | Lair:3   | Found a runed translucent gate.
 15966 | Lair:3   | Found a runed translucent gate.
 16121 | Lair:3   | Killed Wirisus's ghost
 16251 | Lair:3   | Found a hole to the Spider Nest.
 16275 | Lair:3   | Learned a level 4 spell: Petrify
 16282 | Lair:3   | Learned a level 6 spell: Statue Form
 16306 | Lair:3   | Reached skill level 16 in Unarmed Combat
 17133 | Lair:3   | Got the Folio of Topology
 17901 | Orc:1    | Entered Level 1 of the Orcish Mines
 17935 | Orc:1    | Found Vurhie's Magic Scroll Shoppe.
 17963 | Orc:1    | Bought a scroll of identify for 26 gold pieces
 17963 | Orc:1    | Bought a scroll of teleportation for 39 gold pieces
 17963 | Orc:1    | Bought a scroll of blinking for 97 gold pieces
 17963 | Orc:1    | Bought a scroll of teleportation for 39 gold pieces
 18102 | Orc:1    | Found Satom's Antique Armour Shop.
 18115 | Orc:1    | Found Qaumiw's Armour Shoppe.
 18115 | Orc:1    | Found Meiryin's Assorted Antiques.
 18131 | Orc:1    | Bought a potion of heal wounds for 140 gold pieces
 18131 | Orc:1    | Bought a scroll labelled YKLIUS ET XINI for 28 gold pieces
 18418 | Orc:2    | Entered Level 2 of the Orcish Mines
 18418 | Orc:2    | Found Xoipsata's Assorted Antiques.
 18868 | Orc:2    | Found a staircase to the Elven Halls.
 18895 | Orc:2    | Found Woskotik's Antique Armour Shoppe.
 18898 | Orc:2    | Found Purynawu's Antique Weapon Boutique.
 20157 | Orc:2    | Reached skill level 17 in Unarmed Combat
 20400 | Orc:2    | Reached XP level 14. HP: 118/118 MP: 23/23
 21050 | Orc:2    | Found Ziduluq's Antique Armour Boutique.
 21078 | Orc:2    | Found Bitias's Assorted Antiques.
 21079 | Orc:2    | Found Feshriaduet's General Store.
 21079 | Orc:2    | Found Weineigo's Book Shop.
 21541 | Lair:4   | Found a frozen archway.
 21563 | IceCv    | Entered an ice cave
 21590 | IceCv    | Found a transporter.
 21601 | IceCv    | Found a transporter.
 21637 | IceCv    | Identified the +2 leather armour of Gozag's Regard {rC++
                  | Dex+3 SInv}
 21870 | Lair:4   | Found a viscous altar of Jiyva.
 21871 | Lair:4   | Found a staircase to the Slime Pits.
 22621 | Lair:5   | Entered Level 5 of the Lair of Beasts
 22731 | Lair:5   | Reached skill level 10 in Transmutations
 22737 | Lair:5   | Reached skill level 10 in Fighting
 23713 | Lair:5   | Reached skill level 18 in Unarmed Combat
 23723 | Lair:5   | Reached XP level 15. HP: 128/128 MP: 25/25
 24180 | Lair:5   | Identified the +3 plate armour of Submission {Regen+}
 24254 | Lair:5   | Acquired the +6 Majin-Bo {spellvamp, MP+6 Int+6}
 24254 | Lair:5   | Found the +6 Majin-Bo {spellvamp, MP+6 Int+6}
 24308 | Lair:5   | Bought a book of Transfigurations for 640 gold pieces
 24320 | Lair:5   | Learned a level 7 spell: Dragon Form
 24509 | D:12     | Reached skill level 10 in Earth Magic
 25412 | D:12     | Found a sparkling altar of Nemelex Xobeh.
 25412 | D:12     | Noticed Jessica
 25415 | D:12     | Killed Jessica
 25866 | D:13     | Found a gate to the Vaults.
 26638 | D:14     | Found an opulent altar of Gozag.
 27141 | D:15     | Entered Level 15 of the Dungeon
 27255 | D:15     | Found a staircase to the Depths.
 27322 | D:15     | Paralysed by an ogre mage for 3 turns
 28533 | Spider:1 | Entered Level 1 of the Spider Nest
 28816 | Spider:1 | Reached skill level 19 in Unarmed Combat
 29141 | Lair:3   | Gained mutation: You occasionally lose the ability to drink
                  | potions when taking damage. [mutagenic glow]
 29415 | Lair:3   | Reached XP level 16. HP: 133/139 MP: 27/27
 30393 | Spider:2 | Noticed Nikola
 30403 | Spider:2 | Killed Nikola
 31589 | Spider:2 | You fall into a shaft and drop 1 floor!
 31592 | Spider:3 | Identified the +0 plate armour of Trumpets {rPois rF+++ rC-
                  | Dex+2}
 31734 | Spider:2 | Got Muujoc's Opusculum on the Overcast Icicle
 32600 | Spider:3 | Noticed Kirke
 32611 | Spider:3 | Killed Kirke
 33725 | Spider:4 | Entered Level 4 of the Spider Nest
 34619 | Spider:4 | Reached skill level 10 in Dodging
 34914 | Spider:4 | Reached XP level 17. HP: 150/150 MP: 29/29
 35220 | Spider:4 | Reached skill level 20 in Unarmed Combat
 35842 | Spider:4 | Got a gossamer rune of Zot
 36564 | Spider:4 | Learned a level 4 spell: Leda's Liquefaction
 36810 | Shoals:1 | Entered Level 1 of the Shoals
 36825 | Shoals:1 | Reached skill level 5 in Stealth
 38397 | Shoals:2 | Noticed Ilsuiw
 38435 | Shoals:2 | Killed Ilsuiw
 39536 | Shoals:3 | Found Huotahy's Vocational Training.
 39712 | Shoals:3 | Noticed Mlioglotl
 39721 | Shoals:3 | Killed Mlioglotl
 40279 | Shoals:4 | Entered Level 4 of the Shoals
 40400 | Shoals:4 | Paralysed by an air elemental for 1 turns
 40807 | Shoals:4 | Identified the amulet of Amuho {Acrobat +Blink Str+2 Int-4
                  | Dex+6}
 40811 | Shoals:4 | Paralysed by an air elemental for 1 turns
 41105 | Shoals:4 | Reached XP level 18. HP: 161/161 MP: 30/30
 41109 | Shoals:4 | Got a barnacled rune of Zot
 41132 | Shoals:4 | Identified the staff of fire "Mesteh" {rF+ rN++ Str+3 Int+2
                  | Dex+2}
 41133 | Shoals:4 | Identified the staff of cold "Renlock" {rElec rPois rC+
                  | Str+7}
 41277 | Shoals:4 | Paralysed by an air elemental for 1 turns
 41283 | Shoals:4 | Found a blossoming altar of Fedhas.
 41288 | Shoals:4 | Paralysed by an air elemental for 1 turns
 41291 | Shoals:4 | Paralysed by an air elemental for 1 turns
 42584 | Depths:1 | Entered Level 1 of the Depths
 42916 | Depths:1 | Found the amulet of the Four Winds {rN+ Will+++ Clar}
 42922 | Depths:1 | Found an iron altar of Okawaru.
 43185 | Depths:1 | Reached skill level 21 in Unarmed Combat
 43233 | Depths:1 | Found Zomohib's Antique Armour Shop.
 43293 | Depths:1 | Found a gateway to Hell.
 43761 | Depths:1 | Lost mutation: Your flesh is heat resistant. (rF+)
                  | [mutagenic glow]
 43761 | Depths:1 | Gained mutation: You are vulnerable to heat. (rF-)
                  | [mutagenic glow]
 43779 | Depths:1 | Gained mutation: Your body sometimes deteriorates upon
                  | taking damage. [mutagenic glow]
 43785 | Depths:1 | Gained mutation: You are weak. (Str -2) [mutagenic glow]
 43793 | Depths:1 | Gained mutation: Your flesh is very cold resistant. (rC++)
                  | [mutagenic glow]
 43803 | Depths:1 | Gained mutation: You expend magic power (3 MP) to
                  | strengthen your wands. [mutagenic glow]
 44148 | Depths:1 | Lost mutation: You are weak. (Str -2) [potion of mutation]
 44148 | Depths:1 | Lost mutation: You are vulnerable to heat. (rF-) [potion of
                  | mutation]
 44148 | Depths:1 | Gained mutation: Your flesh is heat resistant. (rF+)
                  | [potion of mutation]
 44148 | Depths:1 | Gained mutation: Your system is resistant to poisons.
                  | (rPois) [potion of mutation]
 44149 | Depths:1 | Lost mutation: Your flesh is heat resistant. (rF+) [potion
                  | of mutation]
 44149 | Depths:1 | Lost mutation: Your system is resistant to poisons. (rPois)
                  | [potion of mutation]
 44149 | Depths:1 | Gained mutation: Your muscles are strong. (Str +4, Int/Dex
                  | -1) [potion of mutation]
 44768 | Depths:1 | Lost mutation: You occasionally lose the ability to drink
                  | potions when taking damage. [potion of mutation]
 44768 | Depths:1 | Lost mutation: Your muscles are strong. (Str +4, Int/Dex
                  | -1) [potion of mutation]
 44768 | Depths:1 | Lost mutation: You expend magic power (3 MP) to strengthen
                  | your wands. [potion of mutation]
 44768 | Depths:1 | Gained mutation: You have a beak for a mouth. [potion of
                  | mutation]
 45045 | Depths:1 | Lost mutation: You have a beak for a mouth. [potion of
                  | mutation]
 45045 | Depths:1 | Lost mutation: Your body sometimes deteriorates upon taking
                  | damage. [potion of mutation]
 45045 | Depths:1 | Gained mutation: You are frail. (-10% HP) [potion of
                  | mutation]
 45045 | Depths:1 | Gained mutation: You passively dampen the noise of your
                  | surroundings. [potion of mutation]
 45046 | Depths:1 | Lost mutation: Your flesh is very cold resistant. (rC++)
                  | [potion of mutation]
 45046 | Depths:1 | Lost mutation: You passively dampen the noise of your
                  | surroundings. [potion of mutation]
 45046 | Depths:1 | Lost mutation: You are frail. (-10% HP) [potion of
                  | mutation]
 45046 | Depths:1 | Gained mutation: You have a pair of small horns on your
                  | head. [potion of mutation]
 45228 | Depths:1 | Lost mutation: You have a pair of small horns on your head.
                  | [potion of mutation]
 45228 | Depths:1 | Lost mutation: Your flesh is cold resistant. (rC+) [potion
                  | of mutation]
 45228 | Depths:1 | Gained mutation: You sometimes lose your temper in combat.
                  | [potion of mutation]
 45231 | Depths:1 | Lost mutation: You sometimes lose your temper in combat.
                  | [potion of mutation]
 45231 | Depths:1 | Gained mutation: Your mind is acute. (Int +4, Str/Dex -1)
                  | [potion of mutation]
 45231 | Depths:1 | Gained mutation: You have a pair of small horns on your
                  | head. [potion of mutation]
 45231 | Depths:1 | Gained mutation: A frigid envelope surrounds you and
                  | freezes all who hurt you. [potion of mutation]
 45423 | Depths:2 | Reached skill level 15 in Fighting
 45516 | Depths:2 | Found a one-way gate leading to the halls of Pandemonium.
 45966 | Depths:2 | Learned a level 9 spell: Shatter
 46302 | Depths:2 | You fall into a shaft and drop 1 floor!
 46617 | Depths:3 | Reached XP level 19. HP: 170/170 MP: 32/32
 46940 | Depths:3 | Reached skill level 15 in Transmutations
 47168 | Depths:3 | Found a one-way gate to the infinite horrors of the Abyss.
 47204 | Depths:3 | Found a one-way gateway to a ziggurat.
 47207 | Depths:3 | Paralysed by a floating eye for 3 turns
 47235 | Depths:3 | Paralysed by a floating eye for 4 turns
 47445 | Depths:3 | Found Vuunweot's Distillery.
 47470 | Depths:3 | Noticed the Enchantress
 47481 | Depths:3 | Killed the Enchantress
 47775 | Depths:3 | Gained mutation: You sometimes lose your temper in combat.
                  | [a neqoxec]
 47911 | Depths:3 | Found Atubb's Antique Armour Shop.
 48205 | Depths:3 | Reached skill level 10 in Spellcasting
 48395 | Depths:3 | Noticed a golden dragon
 48403 | Depths:3 | Killed a golden dragon
 48670 | Depths:3 | Noticed a golden dragon
 48675 | Depths:3 | Killed a golden dragon
 48747 | Depths:3 | Found Zuecaex's Antique Weapon Shoppe.
 48942 | Depths:4 | Entered Level 4 of the Depths
 49018 | Depths:4 | Found Vogguluk's Antique Weapon Emporium.
 49018 | Depths:4 | Found Quan's Weapon Shoppe.
 49186 | Depths:4 | Reached skill level 22 in Unarmed Combat
 49639 | Depths:4 | Noticed a golden dragon
 49651 | Depths:4 | Killed a golden dragon
 49764 | Depths:4 | Found a gate to the Realm of Zot.
 50288 | Depths:4 | Reached XP level 20. HP: 180/180 MP: 34/34
 50483 | Depths:4 | Found a blossoming altar of Fedhas.
 50744 | Depths:4 | Found a runed translucent gate.
 50845 | Depths:4 | Found a runed translucent gate.
 50845 | Depths:4 | Found a runed translucent gate.
 50849 | Depths:4 | Noticed Yseim's ghost (adept MiBe)
 51431 | Depths:4 | Killed Yseim's ghost
 51847 | Depths:4 | Identified the +0 pair of boots "Alaru" {rElec MP+9 Dex+4}
 51957 | Depths:3 | Bought a potion of might for 96 gold pieces
 51957 | Depths:3 | Bought a potion of resistance for 240 gold pieces
 51957 | Depths:3 | Bought a potion of heal wounds for 120 gold pieces
 52260 | Elf:1    | Entered Level 1 of the Elven Halls
 52935 | Elf:1    | Paralysed by an air elemental for 1 turns
 53831 | Elf:2    | Found a magical portal.
 53840 | WizLab   | Entered The Hall of the Hellbinder
 54410 | WizLab   | Identified the +7 lajatang of Puinous {vamp, Int+3}
 54410 | WizLab   | Noticed Bufi
 54411 | WizLab   | Found a burning altar of Makhleb.
 54424 | WizLab   | Killed Bufi the Hellbinder
 54553 | WizLab   | Identified the ring of Rouseed {Drain rF+ Will+ Str+2
                  | Dex+2}
 54586 | WizLab   | Got the Disquisition on Company
 54717 | Elf:2    | Noticed Aizul
 54725 | Elf:2    | Killed Aizul
 55309 | Elf:2    | Found a runed translucent gate.
 55310 | Elf:2    | Found a runed translucent gate.
 55310 | Elf:2    | Found a runed translucent gate.
 55838 | Elf:2    | Reached XP level 21. HP: 190/190 MP: 36/36
 56227 | Elf:3    | Entered Level 3 of the Elven Halls
 56606 | Elf:3    | Reached skill level 23 in Unarmed Combat
 57252 | Elf:3    | Identified the ring "Wewempi" {rElec rF+ EV+5 Int-3 Dex+4}
 57380 | Elf:3    | Identified the staff of fire "Roicvire" {rF+ rCorr Int+3}
 57388 | Elf:3    | Found the +3 Mad Mage's Maulers {Infuse+∞ VampMP -Cast}
 57397 | Elf:3    | Identified the amulet "Xonwuf" {Reflect Dex+2 SH+5}
 57408 | Elf:3    | Got the Textbook on Leadership and Firn
 57431 | Elf:3    | Identified the staff of death "Agyrutal" {rF+ rN+ Str+3}
 57702 | Elf:3    | Identified the +0 pair of boots "Ysieppubeg" {Int+2}
 58069 | Vaults:1 | Entered Level 1 of the Vaults
 59102 | Vaults:1 | Found Kussaoc's Antique Armour Shoppe.
 59530 | Vaults:1 | Identified the +12 arbalest of Death's Door {drain, Fly
                  | Int+3}
 59928 | Vaults:2 | Found a staircase to the Crypt.
 60464 | Vaults:2 | Found Iduan's Antique Weapon Shop.
 60575 | Vaults:2 | Reached XP level 22. HP: 201/201 MP: 38/38
 61527 | Vaults:3 | Reached skill level 24 in Unarmed Combat
 62200 | Vaults:3 | Found Iteh's Antique Weapon Emporium.
 63632 | Vaults:4 | Found a runed translucent door.
 63632 | Vaults:4 | Noticed Fubrub's ghost (veteran GnWr)
 63739 | Vaults:4 | Killed Fubrub's ghost
 63742 | Vaults:4 | Identified the staff of fire "Quisotog" {rF+ Will+ Int-2
                  | SInv}
 64100 | Vaults:5 | Entered Level 5 of the Vaults
 64138 | Vaults:5 | Noticed an ancient lich
 64141 | Vaults:5 | Noticed a dread lich
 64147 | Vaults:5 | Noticed a dread lich
 64154 | Vaults:5 | Noticed a golden dragon
 64155 | Vaults:5 | Reached XP level 23. HP: 211/211 MP: 40/40
 64159 | Vaults:5 | Killed a dread lich
 64196 | Vaults:5 | Killed an ancient lich
 64256 | Vaults:5 | Reached skill level 25 in Unarmed Combat
 64272 | Vaults:5 | Reached skill level 15 in Dodging
 64449 | Vaults:5 | Got a silver rune of Zot
 64889 | Vaults:5 | Identified the ring of Biur Orgh {rC+ rN+ Str+6 Dex-5
                  | Stlth+}
 65115 | Vaults:5 | Acquired 944 gold pieces
 65473 | Vaults:5 | Found Fennegg's Antique Armour Shop.
 65627 | Vaults:5 | Identified the staff of death "Zyidiosh" {*Corrode rElec
                  | rN+ Dex+2}
 66126 | Lair:5   | Bought Ozocubu's Autobiography for 384 gold pieces
 66140 | Lair:5   | Learned a level 3 spell: Ozocubu's Armour
 66488 | Zot:1    | Entered Level 1 of the Realm of Zot
 66629 | Zot:1    | Found a runed translucent door.
 66648 | Zot:1    | Noticed Mabiet's ghost (legendary TeRe)
 66672 | Zot:1    | Killed Mabiet's ghost
 66673 | Zot:1    | Reached skill level 1 in Ice Magic
 66675 | Zot:1    | Identified the orb of Guahy {guile, Str+4}
 67714 | Zot:1    | Lost mutation: A frigid envelope surrounds you and freezes
                  | all who hurt you. [potion of mutation]
 67714 | Zot:1    | Lost mutation: You sometimes lose your temper in combat.
                  | [potion of mutation]
 67714 | Zot:1    | Gained mutation: Your body sometimes deteriorates upon
                  | taking damage. [potion of mutation]
 67714 | Zot:1    | Gained mutation: Your tail ends in a venomous barb. [potion
                  | of mutation]
 67714 | Zot:1    | Gained mutation: You are partially covered in large bone
                  | plates. (SH +4) [potion of mutation]
 67714 | Zot:1    | Gained mutation: Your tail ends in a sharp venomous barb.
                  | [potion of mutation]
 67813 | Zot:1    | Lost mutation: You are partially covered in large bone
                  | plates. (SH +4) [potion of mutation]
 67813 | Zot:1    | Lost mutation: Your mind is acute. (Int +4, Str/Dex -1)
                  | [potion of mutation]
 67813 | Zot:1    | Lost mutation: Your body sometimes deteriorates upon taking
                  | damage. [potion of mutation]
 67813 | Zot:1    | Lost mutation: You have a pair of small horns on your head.
                  | [potion of mutation]
 67844 | Zot:2    | Reached XP level 24. HP: 222/222 MP: 40/40
 68566 | Zot:2    | Noticed an orb of fire
 68578 | Zot:2    | Gained mutation: You have a pair of small antennae on your
                  | head. [an orb of fire]
 68579 | Zot:2    | Gained mutation: You occasionally lose the ability to read
                  | scrolls when taking damage. [an orb of fire]
 68583 | Zot:2    | Killed an orb of fire
 69695 | Zot:3    | Identified the +5 war axe "Edyboepu" {heavy, rPois rN+}
 70230 | Zot:3    | Reached skill level 5 in Ice Magic
 70972 | Zot:4    | Acquired 340 gold pieces
 71413 | Zot:5    | Entered Level 5 of the Realm of Zot
 71451 | Zot:5    | Reached skill level 26 in Unarmed Combat
 72086 | Zot:5    | Noticed an orb of fire
 72087 | Zot:5    | Noticed an orb of fire
 72092 | Zot:5    | Noticed an orb of fire
 72094 | Zot:5    | Noticed a Killer Klown
 72095 | Zot:5    | Gained mutation: You are clumsy. (Dex -2) [an orb of fire]
 72096 | Zot:5    | Gained mutation: Your magical capacity is low. (-10% MP)
                  | [an orb of fire]
 72099 | Zot:5    | Gained mutation: Potions are less effective at restoring
                  | your health. [an orb of fire]
 72101 | Zot:5    | Gained mutation: You occasionally lose the ability to drink
                  | potions when taking damage. [an orb of fire]
 72104 | Zot:5    | Gained mutation: You do not regenerate when monsters are
                  | visible. [an orb of fire]
 72108 | Zot:5    | Noticed an orb of fire
 72114 | Zot:5    | Noticed a dread lich
 72114 | Zot:5    | Noticed an orb of fire
 72114 | Zot:5    | Noticed an orb of fire
 72116 | Zot:5    | Noticed a Killer Klown
 72128 | Zot:5    | Killed an orb of fire
 72134 | Zot:5    | Killed a Killer Klown
 72150 | Zot:5    | Killed an orb of fire
 72151 | Zot:5    | Reached skill level 15 in Spellcasting
 72155 | Zot:5    | Reached XP level 25. HP: 105/233 MP: 10/37
 72157 | Zot:5    | Gained mutation: You are weak. (Str -2) [an orb of fire]
 72158 | Zot:5    | Killed an orb of fire
 72169 | Zot:5    | Killed an orb of fire
 72281 | Zot:5    | Killed a Killer Klown
 72493 | Zot:5    | Noticed an orb of fire
 72493 | Zot:5    | Noticed an orb of fire
 72493 | Zot:5    | Gained mutation: You are vulnerable to cold. (rC-) [an orb
                  | of fire]
 72496 | Zot:5    | Gained mutation: You are frail. (-10% HP) [an orb of fire]
 72502 | Zot:5    | Killed an orb of fire
 72506 | Zot:5    | Killed an orb of fire
 72598 | Zot:5    | Lost mutation: You occasionally lose the ability to drink
                  | potions when taking damage. [potion of mutation]
 72598 | Zot:5    | Lost mutation: You occasionally lose the ability to read
                  | scrolls when taking damage. [potion of mutation]
 72598 | Zot:5    | Lost mutation: You have a pair of small antennae on your
                  | head. [potion of mutation]
 72598 | Zot:5    | Gained mutation: You expend magic power (3 MP) to
                  | strengthen your wands. [potion of mutation]
 72599 | Zot:5    | Lost mutation: You are clumsy. (Dex -2) [potion of
                  | mutation]
 72599 | Zot:5    | Lost mutation: Your magical capacity is low. (-10% MP)
                  | [potion of mutation]
 72599 | Zot:5    | Lost mutation: You are frail. (-10% HP) [potion of
                  | mutation]
 72599 | Zot:5    | Gained mutation: You are clumsy. (Dex -2) [potion of
                  | mutation]
 72599 | Zot:5    | Gained mutation: You are somewhat resistant to further
                  | mutation. [potion of mutation]
 72600 | Zot:5    | Lost mutation: Your tail ends in a sharp venomous barb.
                  | [potion of mutation]
 72600 | Zot:5    | Lost mutation: Your tail ends in a venomous barb. [potion
                  | of mutation]
 72600 | Zot:5    | Gained mutation: You are dopey. (Int -2) [potion of
                  | mutation]
 72601 | Zot:5    | Lost mutation: You do not regenerate when monsters are
                  | visible. [potion of mutation]
 72601 | Zot:5    | Lost mutation: You are vulnerable to cold. (rC-) [potion of
                  | mutation]
 72668 | Zot:5    | Noticed an orb of fire
 72671 | Zot:5    | Gained mutation: You occasionally lose the ability to read
                  | scrolls when taking damage. [an orb of fire]
 72677 | Zot:5    | Killed an orb of fire
 73094 | Zot:5    | Got the Orb of Zot
 73161 | Zot:5    | Noticed Rieck the pandemonium lord
 73361 | Zot:1    | Noticed Tegh the pandemonium lord
 73841 | D:12     | Noticed Col Tye the pandemonium lord
 74116 | D:3      | Noticed Ydwit the pandemonium lord
 74279 | D:$      | Escaped with the Orb!

Illustrated notes

Levels and vault maps discovered:
D:1:      mrwooster_arrival_arrow, layout_loops_cross,
          chequers_ecumenical_altar_simple_redux, st_stairs_3,
          chequers_serial_rivers_micro_d
D:2:      layout_loops_corners, uniq_crazy_yiuf_cottage, uniq_robin,
          uniq_sigmund
D:3:      wad_pebble_path, layout_basic, small_statue_alley_b,
          serial_park_tiny_2
D:4:      layout_cave_pools, amethyst_overflow_temple_binary,
          minmay_temple_entry_offerings
D:5:      layout_basic, mainiacjoe_overflow_surrounded_room,
          kennysheep_cluttered_room, uniq_grinder
D:6:      layout_gridville, mainiacjoe_overflow_alcove_1, portal_sewer_entry_b
D:7:      layout_basic, minmay_misc_feat_columns, kennysheep_path_1
D:8:      layout_rooms, kennysheep_mini, minmay_door_square,
          corexii_corridor_pit, uniq_maggie
D:9:      argonaut_augean_stables, layout_irregular_city, david_orc_1_choice,
          enter_bailey_7, chequers_arboretum, lemuel_flamethrower_2,
          uniq_erolcha, uniq_pikel
D:10:     layout_layer_cave, mainiacjoe_overflow_24_doors, lair_entry_dummy,
          minmay_stone_trees_small
D:11:     layout_roguey
D:12:     layout_basic, nemelex_lonely_heart_becter
D:13:     layout_long_grid, david_vaults_2
D:14:     layout_irregular_city, grunt_gozag_statues
D:15:     gammafunk_depths_entry_grave, layout_stronghold
Temple:   lightli_temple_of_artemis
Lair:1:   lemuel_slime, layout_cave_pods, grunt_megastairs_5,
          infiniplex_staircase_pool
Lair:2:   layout_layer_cave, elwin_shoals_entry_rooms,
          gammafunk_ghost_necromancy, uniq_gastronok
Lair:3:   pond_and_an_island_with_a_cottage, layout_gridlike,
          spider_nest_entry_webs, ebering_ghost_rock_garden
Lair:4:   lemuel_reptile_caves, layout_cave_shapes,
          nicolae_slime_entry_slimehenge, portal_ice_cave_entry_pillars_1,
          chequers_serial_rivers_micro_c, disabler_island
Lair:5:   grunt_lair_end_beastmaster, layout_regular_city, minmay_lindwurm_lava
Shoals:1: layout_shoals, nicolae_shoals_cliffside_cave
Shoals:2: layout_shoals, uniq_ilsuiw
Shoals:3: layout_shoals, nicolae_shop_vocational, uniq_mlioglotl
Shoals:4: shoals_end_hellmonk_storm_palace [storm_palace_center_ruins,
          storm_palace_corner_narrow, storm_palace_corner_altar,
          storm_palace_corner_grid, storm_palace_corner_grid], serial_shops
Spider:1: layout_spider_delve
Spider:2: layout_chambers, nicolae_spider_wall_of_niches, uniq_nikola
Spider:3: layout_spider_delve, uniq_kirke
Spider:4: floodkiller_spider_rune_tomb, hellmonk_deceptive_appearances
Orc:1:    layout_caves, serial_shops, shop, shop, nicolae_shop_window_shopping,
          shop
Orc:2:    st_orc_pillars, layout_diamond_mine, serial_shops,
          nicolae_shop_tiny_waterfront, nicolae_diamond_shop, shop,
          mines4_lemuel
Elf:1:    eino_elf_arrival_the_gate, layout_geoelf_diagonals,
          hangedman_elven_crosses_minicolossus
Elf:2:    nicolae_elf_blades_crystal_corner, layout_loops_cross,
          mu_enter_wizlab_3, lemuel_flamethrower_3, uniq_aizul
Elf:3:    elf_hall, layout_onion_city
Vaults:1: hangedman_vaults_corner, nicolae_vaults_double_plus_1,
          nicolae_vaults_shipping_containers_4, nicolae_vaults_yaktaur_gun_rack,
          grunt_vaults_bifocal, nicolae_vaults_trapezoid_layered,
          dpeg_vaults_monster_row, v_pattern_5, v_misc_1,
          nicolae_vaults_closet_pinwheel_6, v_misc_15, nicolae_vaults_theta,
          v_misc_8, layout_vaults_omnicross, serial_shops,
          nicolae_lakefront_shop
Vaults:2: nicolae_vaults_heist, vaults_mumra_minichess_inversion,
          nicolae_vaults_little_squares_6,
          nicolae_vaults_windows_and_doors_thing,
          nicolae_vaults_trapezoid_layered, nicolae_vaults_house_2,
          layout_vaults_quadrants, dummy_crypt_entry, serial_shops, shop
Vaults:3: v_rooms_1, hangedman_vaults_restitches,
          nicolae_vaults_frosty_reception, v_alt_pattern_5,
          nicolae_vaults_sesquioval_fish, vaults_room_fancy_cross,
          hangedman_vaults_nails, nicolae_vaults_tetromino_Z_1,
          vaults_mumra_bighexcomb, nicolae_vaults_trapezoid_lopsided_2,
          nicolae_vaults_little_squares_6, ontoclasm_vaults_fault,
          layout_vaults_maze_bifur, serial_shops, nicolae_shop_hallway_stairs
Vaults:4: gammafunk_ghost_grave, nicolae_vaults_steering_wheel,
          ontoclasm_vaults_decontamination, nicolae_vaults_diamond_1, v_misc_13,
          hangedman_vaults_hat, vaults_room_boxed, grunt_vaults_diagonal,
          layout_vaults_omnibox
Vaults:5: serial_shops
Depths:1: layout_cave_shapes, hell_entry, grunt_decor_cap, serial_shops, shop,
          dk_noncrumbling_3, columned_hall_lemuel, okawaru_ov_weapons_minmay,
          grunt_megastairs_1, infiniplex_staircase_pool_lava,
          serial_bayou_shore_b
Depths:2: nicolae_cairo_tiling_large, layout_basic, grunt_pan_entry_zigzag,
          hell_entry, chequers_serial_rivers_small_b, serial_bayou_shore_a
Depths:3: nicolae_cairo_tiling, layout_gridlike, enter_ziggurat_d,
          pf_dread_powers_of_hell, hangedman_abyss_entry_splay,
          rand_demon_pan_entry_9, serial_shops, nicolae_shop_stone,
          nicolae_take_the_stairs, shop, minmay_misc_feat_x, uniq_enchantress
Depths:4: grunt_x_marks_the_spot, layout_basic, minmay_room_of_horrors,
          rand_demon_pan_entry_3, hell_entry, gammafunk_ghost_tricky_traps,
          fedhas_altar_3, minmay_shoptagon
Zot:1:    layout_basic, gammafunk_ghost_grave, grunt_megastairs_3
Zot:2:    layout_gridlike
Zot:3:    layout_gridlike
Zot:4:    layout_misc_corridors
Zot:5:    layout_basic

Skill      XL: |  1  2  3  4  5  6  7  8  9 10 11 12 13 14 15 16 17 18 19 20 21 22 23 24 25 |
---------------+----------------------------------------------------------------------------+-----
Unarmed Combat | 4 5 6 7 8 10 11 13 15 17 18 19 20 21 22 23 24 25 26 | 26.5
Dodging        | 2 3 4 5 6 7 8 9 10 11 12 13 14 15 16 17 | 17.2
Fighting       | 2 3 4 5 6 7 8 9 10 12 13 14 15 16 17 18 19 20 | 20.9
Stealth        | 1 2 3 4 5 6 7 8 |  8.9
Transmutations | 3 4 5 6 7 8 9 10 11 12 13 14 15 17 18 19 20 21 | 21.1
Earth Magic    | 2 3 4 5 7 9 10 11 12 14 | 14.5
Spellcasting   | 3 4 5 6 7 8 9 10 11 12 13 15 | 15.5
Shields        | 1 2 3 |  3.0
Ice Magic      | 3 5 |  5.0
Staves         | |  0.2
Hexes          | |  0.4

Action                     |  1- 3 |  4- 6 |  7- 9 | 10-12 | 13-15 | 16-18 | 19-21 | 22-24 | 25-27 || total
---------------------------+-------+-------+-------+-------+-------+-------+-------+-------+-------++-------
  Melee: Unarmed           |   126 |   178 |   401 |   798 |  1408 |  1200 |   929 |   889 |    70 ||  5999
         Kick              |     7 |    12 |    94 |   313 |   343 |     2 |       |       |       ||   771
         Tailslap          |     9 |    21 |    53 |   153 |   286 |   246 |   193 |   187 |    15 ||  1163
         Headbutt          |     3 |     3 |    60 |   184 |   241 |     1 |    11 |     1 |       ||   504
         Punch             |     3 |     7 |    20 |    69 |   197 |   206 |   143 |   187 |    16 ||   848
         Bite              |       |       |       |       |       |    33 |   124 |   123 |    13 ||   293
         Bo                |       |       |       |       |       |     6 |     1 |       |       ||     7
   Cast: Beastly Appendage |     6 |     7 |    39 |    68 |    97 |     2 |       |       |       ||   219
         Wereblood         |       |     4 |     7 |    20 |    41 |    31 |    23 |    25 |     1 ||   152
         Statue Form       |       |       |       |       |    34 |    78 |     5 |       |       ||   117
         Petrify           |       |       |       |       |     1 |       |       |       |       ||     1
         Dragon Form       |       |       |       |       |       |    22 |    78 |    79 |    15 ||   194
         Leda's Liquefacti |       |       |       |       |       |       |     2 |       |       ||     2
         Ozocubu's Armour  |       |       |       |       |       |       |       |     8 |       ||     8
 Invoke: Call Merchant     |       |       |       |     2 |     3 |     1 |       |       |     2 ||     8
         Potion Petition   |       |       |       |       |     1 |       |       |     2 |       ||     3
         Bribe Branch      |       |       |       |       |       |       |       |     2 |     3 ||     5
  Evoke: Wand              |       |       |       |       |       |       |     1 |       |       ||     1
    Use: Potion            |       |     2 |       |     6 |    13 |     8 |     3 |     5 |     4 ||    41
         Scroll            |       |       |     8 |    14 |    23 |     9 |     4 |     4 |     1 ||    63
   Stab: Sleeping          |     2 |     4 |     4 |     4 |     3 |    10 |     5 |    15 |       ||    47
         Distracted        |       |       |     3 |     6 |     7 |    12 |    10 |    15 |     5 ||    58
         Petrified         |       |       |       |       |     3 |       |       |       |       ||     3
         Held in net/web   |       |       |       |       |       |     1 |       |       |       ||     1
         Paralysed         |       |       |       |       |       |       |       |     5 |       ||     5
 Armour: Skin              |    45 |    69 |   153 |   159 |   507 |   824 |   324 |   205 |    12 ||  2298
  Dodge: Dodged            |    67 |   102 |   229 |   417 |   976 |  1291 |   456 |   525 |    42 ||  4105
  Block: Other             |       |       |    21 |   136 |   300 |   295 |       |       |       ||   752
         Reflection        |       |       |       |     2 |     9 |     5 |       |       |       ||    16

Table legend: (Time is in decaauts)
 A = Elapsed time spent in this place.
 B = Non-inter-level travel time spent in this place.
 C = Inter-level travel time spent in this place.
 D = Time resting spent in this place.
 E = Time spent auto-exploring this place.
 F = Levels seen in this place.
 G = Mean time per level.
                   A        B        C        D        E       F      G
               +--------+--------+--------+--------+--------+-----+--------+
         Total |  74838 |  69773 |   5065 |   4409 |  52515 |  52 | 1439.2 |
       Dungeon |  17460 |  15686 |   1774 |    649 |  12273 |  15 | 1164.0 |
        Temple |    111 |     94 |     17 |      0 |     81 |   1 |  111.0 |
          Lair |   8919 |   7991 |    928 |    934 |   5354 |   5 | 1783.8 |
        Shoals |   6287 |   5935 |    352 |    168 |   4612 |   4 | 1571.8 |
   Spider Nest |   8180 |   7521 |    659 |    434 |   5718 |   4 | 2045.0 |
  Orcish Mines |   3440 |   3235 |    205 |    796 |   1730 |   2 | 1720.0 |
   Elven Halls |   4728 |   4388 |    340 |      0 |   3610 |   3 | 1576.0 |
        Vaults |   7531 |   7209 |    322 |      0 |   5926 |   5 | 1506.2 |
        Depths |   9273 |   8929 |    344 |    862 |   6827 |   4 | 2318.2 |
           Zot |   6892 |   6773 |    119 |    353 |   5216 |   5 | 1378.4 |
         Sewer |    401 |    401 |      0 |      0 |    213 |   1 |  401.0 |
        Bailey |    620 |    620 |      0 |    204 |    243 |   1 |  620.0 |
      Ice Cave |    186 |    186 |      0 |      0 |    108 |   1 |  186.0 |
        Wizlab |    803 |    803 |      0 |      7 |    600 |   1 |  803.0 |
               +--------+--------+--------+--------+--------+-----+--------+

Top non-repeatable levels by time:
Spider:4: 3195 daAuts
Depths:4: 3011 daAuts
  Lair:3: 2757 daAuts
Depths:3: 2683 daAuts
Depths:1: 2530 daAuts
Spider:2: 2475 daAuts
   Orc:2: 2408 daAuts
Shoals:4: 2268 daAuts
  Lair:2: 1839 daAuts
     D:9: 1831 daAuts
  Lair:5: 1817 daAuts
   Zot:5: 1719 daAuts
Vaults:5: 1656 daAuts
Shoals:1: 1649 daAuts
  Lair:1: 1629 daAuts
